 Dungeon Crawl Stone Soup version 0.30-a0-779-g7971cf19c3 (webtiles) character file.

Game seed: 14715500688215618649

102 Leeroy the Slasher (level 4, 0/23 HPs)
             Began as a Vine Stalker Warper on Feb 17, 2023.
             Slain by a river rat (2 damage)
             ... summoned by Eustachio
             ... on level 5 of the Dungeon.
             The game lasted 00:01:45 (826 turns).

Leeroy the Slasher (Vine Stalker Warper)             Turns: 826, Time: 00:01:46

Health: 0/23       AC:  4    Str: 13    XL:     4   Next: 77%
Magic:  0/8        EV: 12    Int: 13    God:
Gold:   74         SH:  0    Dex: 16    Spells: 7/7 levels left

rFire   . . .      SeeInvis .    n - +2 dagger (freeze)
rCold   . . .      Faith    .    (no shield)
rNeg    . . .      Spirit   +    b - +0 leather armour
rPois   .          Reflect  .    (no helmet)
rElec   .          Harm     .    (no cloak)
rCorr   .          Rampage  .    h - +0 pair of gloves
Will    .....                    (no boots)
Stlth   +                        (no amulet)
HPRegen 1.03/turn                (no ring)
MPRegen 0.11/turn                (no ring)

@: no status effects
A: fangs 2, regeneration 1, magic shield, antimagic bite, no potion heal 2
a: no special abilities


You were on level 5 of the Dungeon.
You visited 1 branch of the dungeon, and saw 4 of its levels.

You collected 74 gold pieces.

Inventory:

Hand Weapons
 a - a +0 falchion
 n - a +2 dagger of freezing (weapon)
Missiles
 d - 7 boomerangs of dispersal (quivered)
Armour
 b - a +0 leather armour (worn)
 h - a +0 pair of gloves (worn)
Scrolls
 c - a scroll of blinking
 e - a scroll of immolation {unknown}
 i - 3 scrolls of identify {unknown}
 j - a scroll of enchant armour {unknown}
 k - a scroll of vulnerability {unknown}
Potions
 f - 2 potions of might {unknown}
 g - 2 potions of attraction {unknown}
 l - a potion of brilliance
 m - a potion of flight {unknown}


   Skills:
 - Level 1.7 Fighting
 - Level 3.2 Long Blades
 - Level 0.8 Throwing
 - Level 0.7 Armour
 + Level 3.1 Dodging
 - Level 2.1 Spellcasting
 - Level 3.0 Translocations


You had 7 spell levels left.
You didn't know any spells.
Your spell library contained the following spells:

 Spells                   Type           Power      Damage    Failure   Level
 Blink                    Tloc           18%        N/A       14%         2
 Lesser Beckoning         Tloc           18%        N/A       14%         2
 Teleport Other           Tloc           9%         N/A       28%         3
 Vhi's Electric Charge    Tloc/Air       10%        N/A       45%         3
 Kindle Blastsparks       Fire/Tloc/Air  8%         2d10      54%         3
 Ozocubu's Armour         Ice            1%         N/A       67%         3
 Manifold Assault         Tloc           9%         N/A       67%         4
 Iskenderun's Mystic Bla  Conj/Tloc      5%         2d3       86%         4
 Fulminant Prism          Conj/Hex       0%         3d5       97%         4
 Lee's Rapid Deconstruct  Erth           0%         3d4*      100%        5
 Ozocubu's Refrigeration  Ice            0%         4d7       100%        7


Dungeon Overview and Level Annotations

Branches:
Dungeon (5/15)
 Temple: D:4-7

Altars:

Annotations:
D:5 Eustachio


Innate Abilities, Weirdness & Mutations

You have extremely sharp teeth.
Your natural rate of healing is unusually fast.
When hurt, damage is shared between your health and your magic reserves.
Your bite disrupts and absorbs the magic of your enemies.
Potions cannot restore your health.


Message History

The bat misses you. Eustachio closely misses you.
The river rat bites you but does no damage.
You hit Eustachio. You freeze Eustachio. Your bite misses Eustachio.
Eustachio is heavily wounded.
The bat hits you. The bat hits you but does no damage.
Eustachio hits you with a +0 falchion. The river rat bites you.
You barely miss Eustachio. You bite Eustachio.
Eustachio's magic leaks into the air.
You drain his magic.
You feel invigorated.
Eustachio is heavily wounded.
The bat misses you. Eustachio misses you. The river rat barely misses you.
You hit Eustachio. You freeze Eustachio.
Eustachio is heavily wounded.
The bat closely misses you. The bat hits you but does no damage.
Eustachio gestures wildly while chanting.
You closely miss Eustachio. You bite Eustachio.
Eustachio's magic leaks into the air.
You drain his magic.
You feel invigorated.
Eustachio is heavily wounded.
The bat barely misses you. The river rat closely misses you.
Eustachio hits you with a +0 falchion!
* * * LOW HITPOINT WARNING * * *
You hit Eustachio but do no damage.
Eustachio is heavily wounded.
The bat hits you but does no damage.
The crimson imp blinks!
The river rat closely misses you. The bat hits you but does no damage.
You hit Eustachio but do no damage.
Eustachio is heavily wounded.
The bat hits you but does no damage.
Eustachio screams, "This atrocity can only be purified with blood!"
Eustachio hits you with a +0 falchion.
* * * LOW HITPOINT WARNING * * *
The river rat bites you!
* * * LOW HITPOINT WARNING * * *
The bat completely misses you.
You hit Eustachio but do no damage.
Eustachio is heavily wounded.
The bat completely misses you. Eustachio closely misses you.
The river rat bites you.
You die...

#.# #.# #.# #.# #.#
#.#####.####.#### #.#
................# #.#
#.####.###.####.# #.# #.# #.#
#.# #.# #.# #.# #.# #5# #.#
#.# #.# #.# #b# #.# #.# #.#
#.# #@####.#########
#†###.####.###r@5....<.......
#.............b..............
###...###..##........#.######
#.### #.....#......#.# #.#
##...#........#.# #.#
#.#.[..........#.#
#.##.#.............#.#
#(..###......###.#.#..


You could see Eustachio (magic disrupted), 2 iron imps, a river rat (summoned)
and 2 bats.

Vanquished Creatures
  2 hounds (D:5)
  A gnoll (D:1)
  An ufetubus (D:5)
  2 dart slugs
  A ball python (D:1)
  2 endoplasms (D:1)
  A goblin (D:1)
  A hobgoblin (D:1)
  2 jackals (D:1)
  6 kobolds (D:1)
  A quokka (D:1)
  2 frilled lizards (D:1)
  3 rats (D:1)
25 creatures vanquished.

Notes
Turn   | Place    | Note
-------+----------+-------------------------------------------
     0 | D:1      | Leeroy the Vine Stalker Warper began the quest for the Orb.
     0 | D:1      | Reached XP level 1. HP: 11/11 MP: 4/4
     0 | D:1      | Noticed a demonspawn zombie
     6 | D:1      | Noticed a demonspawn zombie
     9 | D:1      | Noticed a merfolk zombie
    16 | D:1      | Noticed a minotaur zombie
    98 | D:1      | Reached XP level 2. HP: 4/15 MP: 1/6
   264 | D:1      | Reached XP level 3. HP: 18/18 MP: 7/7
   498 | D:2      | You fall into a shaft and drop 2 floors!
   551 | D:5      | Entered Level 5 of the Dungeon
   567 | D:5      | Gained mutation: Your natural rate of healing is unusually
                  | fast. [Vine Stalker growth]
   567 | D:5      | Reached XP level 4. HP: 5/23 MP: 8/8
   769 | D:5      | Noticed Eustachio
   825 | D:5      | HP: 1/23 [river rat[Eustachio] (5)]
   826 | D:5      | Slain by a river rat

Illustrated notes

Levels and vault maps discovered:
D:1:      shiori_arrival_whats_in_store_for_you, layout_rooms,
          minmay_tromino_mix6
D:2:      layout_basic, shapermc_ecumenical_altar_mp_urbaneastern,
          chequers_serial_rivers_micro_a
D:4:      layout_basic, nzn_wu_jian_contemplation
D:5:      layout_loops_ring, gammafunk_ghost_smash, uniq_eustachio

Skill      XL: |  1  2  3  4 |
---------------+-------------+-----
Long Blades    | 2 3 |  3.2
Dodging        | 2 3 |  3.1
Fighting       | |  1.7
Throwing       | |  0.8
Armour         | |  0.7
Spellcasting   | |  2.1
Translocations | |  3.0

Action                     |  1- 3 |  4- 6 || total
---------------------------+-------+-------++-------
  Melee: Falchion          |    74 |    22 ||    96
         Bite              |    15 |    13 ||    28
         Dagger            |       |    39 ||    39
         Punch             |       |     2 ||     2
 Armour: Leather armour    |    19 |    29 ||    48
  Dodge: Dodged            |    62 |    78 ||   140

Table legend: (Time is in decaauts)
 A = Elapsed time spent in this place.
 B = Non-inter-level travel time spent in this place.
 C = Inter-level travel time spent in this place.
 D = Time resting spent in this place.
 E = Time spent auto-exploring this place.
 F = Levels seen in this place.
 G = Mean time per level.
                   A        B        C        D        E       F      G
               +--------+--------+--------+--------+--------+-----+--------+
         Total |    835 |    826 |      9 |     47 |    428 |   4 |  208.8 |
       Dungeon |    835 |    826 |      9 |     47 |    428 |   4 |  208.8 |
               +--------+--------+--------+--------+--------+-----+--------+

Top non-repeatable levels by time:
     D:1: 495 daAuts
     D:5: 207 daAuts
     D:4: 119 daAuts
     D:2: 12 daAuts
